 Dungeon Crawl Stone Soup version 0.29.0-4-gdea44cf6ec (webtiles) character file.

Game seed: 3527597747637162108

580 qw the Cleaver (level 7, 0/41 HPs)
             Began as a Tengu Warper on Aug 28, 2022.
             Slain by a gnoll
             ... wielding a +0 halberd
              (8 damage)
             ... on level 4 of the Dungeon.
             The game lasted 00:00:22 (3963 turns).

qw the Cleaver (Tengu Warper)                       Turns: 3963, Time: 00:00:22

Health: 0/41       AC:  6    Str: 13    XL:     7   Next: 36%
Magic:  11/11      EV: 11    Int: 13    God:
Gold:   159        SH:  0    Dex: 14    Spells: 10/10 levels left

rFire   . . .      SeeInvis .   d - +0 war axe
rCold   . . .      Faith    .   (no shield)
rNeg    . . .      Spirit   .   e - +0 scale mail
rPois   +          Reflect  .   (helmet restricted)
rElec   .          Harm     .   (no cloak)
rCorr   .          Rampage  .   (no gloves)
Will    .....                   (boots unavailable)
Stlth   ..........              (no amulet)
HPRegen 0.13/turn               o - ring of poison resistance
MPRegen 0.12/turn               (no ring)

@: flying quickly and evasively, quick
A: beak, talons 3, nimble flight
a: no special abilities


You were on level 4 of the Dungeon.
You visited 1 branch of the dungeon, and saw 4 of its levels.

You collected 159 gold pieces.


Innate Abilities, Weirdness & Mutations

You have a beak for a mouth.
You have claws for feet.
Your magical nature lets you fly swiftly and evasively.


   Skills:
 - Level 3.4 Fighting
 - Level 8.0 Axes
 + Level 1.3 Throwing
 - Level 1.1 Armour
 - Level 2.1 Dodging
 - Level 2.0 Spellcasting
 - Level 2.4 Translocations


You had 10 spell levels left.
You didn't know any spells.
Your spell library contained the following spells:

 Spells                   Type           Power      Damage    Failure   Level
 Blink                    Tloc           14%        N/A       56%         2
 Gell's Gravitas          Tloc           7%         N/A       80%         3
 Lesser Beckoning         Tloc           7%         N/A       80%         3
 Teleport Other           Tloc           7%         N/A       80%         3
 Manifold Assault         Tloc           7%         N/A       100%        5

Inventory:

Hand Weapons
 c - a +0 morningstar
 d - a +0 war axe (weapon)
Missiles
 i - 4 silver javelins
 m - 2 boomerangs (quivered)
Armour
 e - a +0 scale mail (worn)
Jewellery
 o - a ring of poison resistance (left hand)
Scrolls
 f - a scroll of torment {unknown}
 k - a scroll of identify
Potions
 a - a potion of mutation
 b - a potion of haste
 g - a potion of might {unknown}
 h - a potion of magic {unknown}
 l - a potion of curing

Dungeon Overview and Level Annotations

Branches:
Dungeon (4/15)
 Temple: D:4-7

Altars:
Sif Muna
Vehumet


Message History

You peck the gnoll, but do no damage.
The gnoll is severely wounded.
You miss the adder. The adder bites you but does no damage.
The gnoll barely misses you.
You slash the gnoll!
You kill the gnoll!
You miss the adder. The adder barely misses you. The adder misses you.
You slash the gnoll! You claw the gnoll. You peck the gnoll.
The gnoll is almost dead.
You slash the adder! The adder misses you. The gnoll hits you with a +0 flail.
You barely miss the gnoll. You claw the gnoll.
You kill the gnoll!
You completely miss the adder. The adder bites you.
The gnoll closely misses you. The adder bites you but does no damage.
You barely miss the adder. Your kick misses the adder.
Your peck misses the adder.
The adder is severely wounded.
You barely miss the gnoll. The adder barely misses you.
The gnoll hits you from afar with a +0 halberd!
The gnoll hits you with a +0 club.
You barely miss the adder. Your kick misses the adder.
The adder is severely wounded.
You closely miss the gnoll. The adder barely misses you.
The gnoll barely misses you. The gnoll hits you with a +0 club.
The adder closely misses you.
You closely miss the adder. Your kick misses the adder.
The adder is severely wounded.
You barely miss the gnoll.
The gnoll hits you from afar with a +0 halberd.
The adder bites you but does no damage.
You closely miss the adder.
The adder is severely wounded.
You barely miss the gnoll. The adder bites you.
The gnoll hits you from afar with a +0 halberd!
You die...

#.# #.# ## #.#
.. #.# .
###.###### #.
#........# ##g#
#.....##.#
#..g##....##
#S@?.>...#
#...##.#.#.....
#### #.#.####.#
#.... # ##...#
.... .....
.....


You could see 2 gnolls and an adder.

Vanquished Creatures
  Sigmund (D:4)
  A black bear (D:4)
  An ogre (D:4)
  2 orc priests (D:3)
  2 iguanas (D:4)
  Robin (D:1)
  2 gnolls (D:4)
  An adder (D:3)
  A worm (D:4)
  10 orcs (D:3)
  12 endoplasms
  A giant cockroach (D:3)
  12 goblins
  8 hobgoblins
  4 jackals
  2 kobolds
  2 quokkas
  6 ball pythons
  2 bats
  3 frilled lizards (D:3)
  6 rats
  A spectral kobold (D:1)
81 creatures vanquished.

Notes
Turn   | Place    | Note
-------+----------+-------------------------------------------
     0 | D:1      | qw the Tengu Warper began the quest for the Orb.
     0 | D:1      | Reached XP level 1. HP: 12/12 MP: 4/4
     0 | D:1      | 0 ||| qw: Version: 0.1-a-89-g26bdef1
     0 | D:1      | 0 ||| qw: Game counter: 3017
     0 | D:1      | 0 ||| qw: Always use a shield: true
     0 | D:1      | 0 ||| qw: God list: Okawaru
     0 | D:1      | 0 ||| qw: Allow faded altars: false
     0 | D:1      | 0 ||| qw: Do Orc after D:15 true
     0 | D:1      | 0 ||| qw: Do second Lair branch before Depths: true
     0 | D:1      | 0 ||| qw: Lair rune preference: random
     0 | D:1      | 0 ||| qw: Plans: Normal
     0 | D:1      | 0 ||| PLANNING D:1-11
   261 | D:1      | 261 ||| Stepping ~*~*~tactically~*~*~ (stealth).
   263 | D:1      | 263 ||| Stepping ~*~*~tactically~*~*~ (stealth).
   265 | D:1      | 265 ||| Stepping ~*~*~tactically~*~*~ (stealth).
   275 | D:1      | Reached skill level 3 in Axes
   275 | D:1      | Reached XP level 2. HP: 11/17 MP: 6/6
   512 | D:1      | Found a faded altar of an unknown god.
   684 | D:1      | HP: 4/17 [frozen (2)]
  1078 | D:1      | 1078 ||| UPGRADING to +0 scale mail.
  1088 | D:1      | 1088 ||| DROPPING +0 leather armour.
  1089 | D:1      | 1089 ||| DROPPING ring of wizardry.
  1090 | D:1      | 1090 ||| UPGRADING to ring of poison resistance.
  1091 | D:1      | 1091 ||| READING scroll labelled ZUUSIO TOMEOP.
  1092 | D:1      | 1092 ||| READING scroll labelled CYXU HEACLIO.
  1093 | D:1      | 1093 ||| READING scroll labelled FOPA LUYTYIQI.
  1094 | D:1      | 1094 ||| READING scroll labelled QITTIU WAULYSM.
  1095 | D:1      | 1095 ||| READING scroll labelled QAREISEDIU.
  1098 | D:1      | 1098 ||| READING 5 scrolls labelled NEONIXAJIU.
  1099 | D:1      | 1099 ||| READING 4 scrolls of identify.
  1099 | D:1      | 1099 ||| IDENTIFYING blue potion
  1100 | D:1      | 1100 ||| DROPPING scroll of blinking.
  1137 | D:2      | Noticed Robin
  1138 | D:2      | 1138 ||| STAIRDANCE
  1144 | D:2      | 1144 ||| STAIRDANCE
  1154 | D:1      | Reached XP level 3. HP: 17/21 MP: 7/7
  1208 | D:2      | 1208 ||| STAIRDANCE
  1306 | D:2      | 1306 ||| STAIRDANCE
  1348 | D:2      | 1348 ||| STAIRDANCE
  1449 | D:2      | 1449 ||| STAIRDANCE
  1452 | D:1      | Reached skill level 4 in Axes
  1462 | D:1      | Killed Robin
  1750 | D:2      | 1750 ||| Stepping ~*~*~tactically~*~*~ (stealth).
  1905 | D:2      | Found a radiant altar of Vehumet.
  2102 | D:2      | 2102 ||| READING scroll labelled RURIXAACOXTEM.
  2103 | D:2      | 2103 ||| READING 4 scrolls of identify.
  2103 | D:2      | 2103 ||| IDENTIFYING fizzy blue potion
  2104 | D:2      | 2104 ||| READING 3 scrolls of identify.
  2104 | D:2      | 2104 ||| IDENTIFYING viscous grey potion
  2105 | D:2      | 2105 ||| DROPPING potion of berserk rage.
  2188 | D:3      | Reached XP level 4. HP: 26/26 MP: 8/8
  2188 | D:3      | 2188 ||| Stepping ~*~*~tactically~*~*~ (stealth).
  2193 | D:3      | 2193 ||| Stepping ~*~*~tactically~*~*~ (stealth).
  2199 | D:3      | 2199 ||| Stepping ~*~*~tactically~*~*~ (stealth).
  2200 | D:3      | 2200 ||| Stepping ~*~*~tactically~*~*~ (stealth).
  2226 | D:3      | 2226 ||| DROPPING +0 club.
  2262 | D:3      | 2262 ||| Stepping ~*~*~tactically~*~*~ (stealth).
  2291 | D:3      | 2291 ||| Stepping ~*~*~tactically~*~*~ (stealth).
  2292 | D:3      | 2292 ||| Stepping ~*~*~tactically~*~*~ (stealth).
  2303 | D:3      | 2303 ||| FLEEEEING.
  2304 | D:3      | 2304 ||| FLEEEEING.
  2305 | D:3      | 2305 ||| FLEEEEING.
  2306 | D:3      | 2306 ||| FLEEEEING.
  2307 | D:3      | 2307 ||| FLEEEEING.
  2308 | D:3      | 2308 ||| FLEEEEING.
  2313 | D:3      | 2313 ||| FLEEEEING.
  2314 | D:3      | 2314 ||| FLEEEEING.
  2315 | D:3      | 2315 ||| FLEEEEING.
  2316 | D:3      | 2316 ||| FLEEEEING.
  2317 | D:3      | 2317 ||| FLEEEEING.
  2318 | D:3      | 2318 ||| FLEEEEING.
  2319 | D:3      | 2319 ||| FLEEEEING.
  2320 | D:3      | 2320 ||| FLEEEEING.
  2321 | D:3      | 2321 ||| FLEEEEING.
  2325 | D:3      | Reached skill level 5 in Axes
  2622 | D:3      | 2622 ||| DROPPING +0 mace.
  2685 | D:3      | 2685 ||| Stepping ~*~*~tactically~*~*~ (hiding).
  2686 | D:3      | 2686 ||| Stepping ~*~*~tactically~*~*~ (hiding).
  2695 | D:3      | Gained mutation: Your magical nature lets you fly swiftly
                  | and evasively. [Tengu growth]
  2695 | D:3      | Reached XP level 5. HP: 11/30 MP: 9/9
  2697 | D:3      | HP: 5/30 [orc/+0 mace (3)]
  2698 | D:3      | 2698 ||| DRINKING 2 potions of heal wounds.
  2701 | D:3      | 2701 ||| DRINKING potion of heal wounds.
  2703 | D:3      | Reached skill level 6 in Axes
  2975 | D:3      | Found a shimmering blue altar of Sif Muna.
  3013 | D:3      | 3013 ||| READING scroll labelled ASOASCHISCHOZ.
  3014 | D:3      | 3014 ||| DRINKING 2 orange potions.
  3015 | D:3      | 3015 ||| READING 3 scrolls of identify.
  3015 | D:3      | 3015 ||| IDENTIFYING fuming amethyst potion
  3016 | D:3      | 3016 ||| READING 2 scrolls of identify.
  3016 | D:3      | 3016 ||| IDENTIFYING purple potion
  3017 | D:3      | 3017 ||| DROPPING potion of brilliance.
  3235 | D:4      | Noticed Sigmund
  3236 | D:4      | 3236 ||| Stepping ~*~*~tactically~*~*~ (hiding).
  3237 | D:4      | 3237 ||| Stepping ~*~*~tactically~*~*~ (hiding).
  3238 | D:4      | 3238 ||| SWAPPING to +0 war axe.
  3240 | D:4      | 3240 ||| DRINKING 2 potions of curing.
  3240 | D:4      | 3240 ||| (to cure confusion)
  3244 | D:4      | Killed Sigmund
  3245 | D:4      | Reached skill level 7 in Axes
  3245 | D:4      | Reached XP level 6. HP: 28/35 MP: 10/10
  3300 | D:4      | 3300 ||| DROPPING +0 hand axe of draining.
  3548 | D:4      | Noticed a black bear
  3557 | D:4      | Killed a black bear
  3558 | D:4      | Reached skill level 3 in Fighting
  3558 | D:4      | Reached XP level 7. HP: 35/41 MP: 11/11
  3613 | D:4      | HP: 6/41 [ogre/+0 giant club (19)]
  3615 | D:4      | Reached skill level 8 in Axes
  3853 | D:4      | 3853 ||| Stepping ~*~*~tactically~*~*~ (stealth).
  3962 | D:4      | HP: 10/41 [gnoll/+0 halberd (1)]
  3963 | D:4      | Slain by a gnoll

Levels and vault maps discovered:
D:1:      tarquinn_simple_flora_water_a, layout_basic,
          dreamdust_ecumenical_altar_drowned_temple, serial_corexii_hall,
          corexii_hall_statues_s, corexii_hall_statues_x, chequers_garden
D:2:      layout_rooms, basic_altar, uniq_robin
D:3:      kennysheep_big_flooded_room, layout_basic, lemuel_blue_sif_altar,
          st_stairs_8, serial_bayou_pond_e, item_on_display_a
D:4:      layout_loops_corners, uniq_grinder, uniq_sigmund

Skill      XL: |  1  2  3  4  5  6  7 |
---------------+----------------------+-----
Axes           | 3 4 5 7 8 |  8.0
Fighting       | 3 |  3.4
Throwing       | |  1.3
Armour         | |  1.1
Dodging        | |  2.1
Spellcasting   | |  2.0
Translocations | |  2.4

Action                   |  1- 3 |  4- 6 |  7- 9 || total
-------------------------+-------+-------+-------++-------
Melee: Hand axe          |    77 |    61 |       ||   138
       Kick              |    16 |    21 |     3 ||    40
       Peck              |    10 |    17 |     3 ||    30
       Punch             |     1 |       |       ||     1
       War axe           |       |    21 |    13 ||    34
Throw: Boomerang         |    23 |     5 |     3 ||    31
       Javelin           |     1 |    30 |     3 ||    34
  Use: Scroll            |    10 |     3 |       ||    13
       Potion            |       |     4 |       ||     4
Armor: Leather armour    |     7 |       |       ||     7
       Scale mail        |    24 |    35 |     6 ||    65
Dodge: Dodged            |    43 |    40 |    10 ||    93

Table legend:
 A = Non-vault XP
 B = Vault XP
 C = Vault XP percentage of total XP
 D = Non-vault monster count
 E = Vault monster count
 F = Vault count percentage of total count
                 A         B        C        D         E       F
            +---------+---------+-------+---------+---------+-------
      Total |     543 |     286 |  34.5 |      63 |      18 |  22.2
            +---------+---------+-------+---------+---------+-------
        D:1 |      25 |      34 |  57.6 |      15 |      12 |  44.4
        D:2 |      18 |       2 |  10.0 |      10 |       1 |   9.1
        D:3 |     138 |      19 |  12.1 |      26 |       4 |  13.3
        D:4 |     362 |     231 |  39.0 |      12 |       1 |   7.7
            +---------+---------+-------+---------+---------+-------
